 Dungeon Crawl Stone Soup version 0.27-a0-1158-gaa87e14f67 (webtiles) character file.

Game seed: 17101755408276606081

1418 experimilk the Chiller (level 8, -3/41 HPs)
             Began as a Gargoyle Ice Elementalist on May 15, 2021.
             Was a Believer of Sif Muna.
             Slain by a wyvern zombie (6 damage)
             ... on level 7 of the Dungeon.
             The game lasted 00:24:35 (9939 turns).

experimilk the Chiller (Gargoyle Ice Elementalist)  Turns: 9939, Time: 00:24:36

Health: -3/41      AC: 15    Str: 13    XL:     8   Next: 71%
Magic:  10/14      EV: 12    Int: 17    God:    Sif Muna [**....]
Gold:   248        SH:  0    Dex: 10    Spells: 2/15 levels left

rFire    . . .     SeeInvis .   t - +0 falchion (elec)
rCold    . . .     Faith    .   (no shield)
rNeg     + . .     Spirit   .   a - +1 robe
rPois    ∞         Reflect  .   (no helmet)
rElec    +         Harm     .   (no cloak)
rCorr    .         Rampage  .   (no gloves)
Will     .....                  (no boots)
Stlth    ++........             (no amulet)
HPRegen  0.13/turn              (no ring)
MPRegen  0.14/turn              (no ring)

@: ice-armoured, studying Maces & Flails
A: sickness immunity, AC +5, negative energy resistance 1, electricity
resistance, torment resistance 1, petrification resistance
a: Renounce Religion, Channel Magic


You were on level 7 of the Dungeon.
You worshipped Sif Muna.
Sif Muna was pleased with you.
You visited 1 branch of the dungeon, and saw 7 of its levels.
You also visited: Sewer.

You collected 416 gold pieces.
You spent 168 gold pieces at shops.

Inventory:

Hand Weapons
 d - a +0 falchion
 p - a +2 mace of protection
 t - a +0 falchion of electrocution (weapon)
Missiles
 e - 210 stones
Armour
 a - a +1 robe (worn)
 c - a +0 leather armour
 l - a scarf of harm
Scrolls
 g - a scroll of summoning {unknown}
 k - a scroll of amnesia
 o - a scroll of enchant armour
 q - a scroll of fog
 r - 3 scrolls of teleportation
 s - a scroll of enchant weapon {unknown}
 v - a scroll of identify
Potions
 b - a potion of attraction
 i - a potion of ambrosia
 j - a potion of curing
 m - a potion of lignification
 n - a potion of berserk rage
 u - a potion of brilliance
Miscellaneous
 h - a box of beasts


   Skills:
 - Level 0.1 Long Blades
 - Level 3.0 Dodging
 - Level 3.0 Stealth
 + Level 4.4 Spellcasting
 + Level 3.8 Conjurations
 - Level 3.0 Hexes
 * Level 7.5 Ice Magic
 - Level 3.0 Invocations


You had 2 spell levels left.
You knew the following spells:

 Your Spells              Type           Power      Damage    Failure   Level
a - Freeze                Ice            100%       1d11      1%          1
b - Frozen Ramparts       Ice            58%        1d7       1%          3
c - Ensorcelled Hibernat  Hex/Ice        42%        N/A       2%          2
d - Hailstorm             Conj/Ice       23%        3d7       14%         4
e - Ozocubu's Armour      Ice            29%        N/A       1%          3

Your spell library contained the following spells:

 Spells                   Type           Power      Damage    Failure   Level
 Corona                   Hex            14%        N/A       4%          1
 Foxfire                  Conj/Fire      40%        2x1d6     7%          1
 Dazzling Flash           Conj/Hex       30%        N/A       11%         3
 Confusing Touch          Hex            13%        N/A       13%         3
 Tukima's Dance           Hex            13%        N/A       13%         3
 Conjure Flame            Conj/Fire      10%        6-21      21%         3
 Inner Flame              Hex/Fire       8%         N/A       24%         3
 Metabolic Englaciation   Hex/Ice        10%        N/A       43%         5
 Sticky Flame             Conj/Fire      10%        2d3       56%         4
 Fireball                 Conj/Fire      5%         3d5       88%         5


Dungeon Overview and Level Annotations

Branches:
Dungeon (7/15)              Sewer (visited)
 Temple: D:4-7

Altars:
Gozag
Makhleb
Sif Muna
Zin

Shops:
D:7 ?

Annotations:
D:2 Sigmund
D:6 Menkaure


Innate Abilities, Weirdness & Mutations

You are immune to sickness and miasma.
Your stone body is resilient. (AC +5)
You are immune to poison.
You resist negative energy. (rN+)
You are resistant to electric shocks. (rElec)
You are resistant to unholy torment.
You are immune to petrification.


Message History

Aiming: Freeze (safe; 1% risk of failure)
Press: ? - help, Shift-Dir - straight line, f/p - kobold brigand
Aim: a kobold brigand, wielding a +0 long sword and quivering curare-tipped darts (almost dead)
You freeze the kobold brigand!
You kill the kobold brigand!
Sif Muna accepts your kill. The wyvern zombie closely misses you.
You riposte.
You hit the wyvern zombie but do no damage.
The wyvern zombie is moderately damaged.
Your icy armour will break if you move.
Continue? [Y]es or [N]o only, please.
Your icy armour will break if you move.
Continue?
Okay, then.
Casting: Freeze (safe; 1% risk of failure)
Confirm with . or Enter, or press ? or * to list all spells.
You can't see any susceptible monsters within range! (Use Z to cast anyway.) Unknown command.
Casting: Freeze (safe; 1% risk of failure)
Confirm with . or Enter, or press ? or * to list all spells.
Aiming: Freeze (safe; 1% risk of failure)
Press: ? - help, Shift-Dir - straight line, f - wyvern zombie
Aim: a wyvern zombie (moderately damaged)
You freeze the wyvern zombie.
The wyvern zombie resists.
The wyvern zombie is moderately damaged.
The wyvern zombie barely misses you. The wyvern zombie closely misses you.
You riposte.
You hit the wyvern zombie.
The wyvern zombie is moderately damaged.
Casting: Freeze (safe; 1% risk of failure)
Confirm with . or Enter, or press ? or * to list all spells.
Aiming: Freeze (safe; 1% risk of failure)
Press: ? - help, Shift-Dir - straight line, f/p - wyvern zombie
Aim: a wyvern zombie (moderately damaged)
You freeze the wyvern zombie.
The wyvern zombie resists.
The wyvern zombie is moderately damaged.
The wyvern zombie bites you but does no damage.
Unknown command.
You hit the wyvern zombie.
The wyvern zombie is moderately damaged.
The wyvern zombie bites you.
You die...

## . .# .. #.##
... ##... ....
##..# .....
###..#
......#)@..###
#)Z#....##
......)##.....##
#....###.......##
##.. ##........#
?.. #.....∩...##
.# #.....<....#
#..........#
##........##


You could see a wyvern zombie.

Vanquished Creatures
  2 water moccasins
  An orc warrior (D:6)
  An ice beast (D:6)
  A phantom (D:4)
  2 ogres
  2 kobold brigands
  A scorpion (D:4)
  A water moccasin skeleton (D:4)
  A bullfrog zombie (D:5)
  A centaur zombie (D:4)
  An orc priest (D:6)
  2 hounds
  A centaur skeleton (D:4)
  3 scorpion zombies (D:4)
  An iguana (D:6)
  2 orc wizards (D:6)
  2 hound zombies (D:4)
  7 adders
  A white imp (D:5)
  An ufetubus (D:4)
  2 adder zombies (D:4)
  2 adder skeletons (D:4)
  2 worms
  A dart slug (D:1)
  11 orcs
  8 endoplasms
  10 giant cockroaches
  4 goblins
  7 hobgoblins
  4 jackals
  4 quokkas
  5 ball pythons
  11 bats
  A frilled lizard (D:3)
  6 kobolds
  A quokka skeleton (D:4)
  A quokka zombie (D:4)
  4 rats
118 creatures vanquished.

Vanquished Creatures (others)
  5 withered plants (D:4)
5 creatures vanquished.

Grand Total: 123 creatures vanquished

Notes
Turn   | Place    | Note
-------+----------+-------------------------------------------
     0 | D:1      | experimilk the Gargoyle Ice Elementalist began the quest
                  | for the Orb.
     0 | D:1      | Reached XP level 1. HP: 10/10 MP: 3/3
   679 | D:1      | Reached XP level 2. HP: 8/15 MP: 3/5
  1557 | D:2      | Reached XP level 3. HP: 13/19 MP: 2/6
  1649 | D:2      | Learned a level 3 spell: Frozen Ramparts
  2116 | D:2      | Noticed Sigmund
  2194 | D:2      | Found a shimmering blue altar of Sif Muna.
  2202 | D:2      | Became a worshipper of Sif Muna the Loreminder
  2643 | D:2      | Found a faded altar of an unknown god.
  2658 | D:2      | Reached XP level 4. HP: 21/24 MP: 4/8
  2827 | D:2      | Learned a level 2 spell: Ensorcelled Hibernation
  3183 | D:3      | Reached skill level 5 in Ice Magic
  3295 | D:3      | Found an opulent altar of Gozag.
  3650 | D:3      | Noticed a kobold brigand
  3676 | D:3      | Killed a kobold brigand
  3677 | D:3      | Reached XP level 5. HP: 23/28 MP: 0/9
  3756 | D:3      | Learned a level 4 spell: Hailstorm
  3817 | D:3      | Found a glowing silver altar of Zin.
  3965 | D:4      | Noticed a phantom
  4015 | D:4      | Reached skill level 1 in Hexes
  4039 | D:4      | Reached XP level 6. HP: 32/32 MP: 3/10
  4437 | D:4      | Reached * piety under Sif Muna
  4655 | D:4      | Reached skill level 1 in Conjurations
  4904 | D:4      | Reached skill level 1 in Invocations
  5061 | D:4      | Reached skill level 6 in Ice Magic
  5061 | D:4      | Reached XP level 7. HP: 17/36 MP: 3/12
  5807 | D:4      | Learned a level 3 spell: Ozocubu's Armour
  6482 | D:5      | Entered Level 5 of the Dungeon
  7245 | D:5      | Noticed a vampire mosquito
  7322 | D:5      | Reached ** piety under Sif Muna
  7457 | D:5      | Noticed a vampire
  7547 | D:5      | Reached XP level 8. HP: 24/41 MP: 3/13
  8610 | D:6      | Found a glowing drain.
  8641 | Sewer    | Entered a sewer
  8992 | D:6      | Found a burning altar of Makhleb.
  9004 | D:6      | Reached skill level 7 in Ice Magic
  9890 | D:6      | Noticed Menkaure
  9893 | D:7      | Found Fuxtis's Magic Scroll Shoppe.
  9907 | D:7      | Bought a scroll of teleportation for 42 gold pieces
  9907 | D:7      | Bought a scroll of identify for 28 gold pieces
  9907 | D:7      | Bought a scroll of identify for 28 gold pieces
  9907 | D:7      | Bought a scroll of identify for 28 gold pieces
  9907 | D:7      | Bought a scroll of teleportation for 42 gold pieces
  9931 | D:7      | HP: 2/41 [wyvern zombie (6)]
  9939 | D:7      | Slain by a wyvern zombie

Illustrated notes

Levels and vault maps discovered:
D:1:      nzn_arrival_settlement, layout_basic, bh_walls_and_bars
D:2:      layout_loops_ring, basic_altar, ebering_ecumenical_altar_webs,
          minmay_misc_feat_chi, kennysheep_doodads, uniq_sigmund
D:3:      layout_rooms, lemuel_round_altar, lemuel_coloured_pillars_altar
D:4:      layout_rooms, serial_undead, serial_undead_c, serial_undead_c,
          serial_undead_e, serial_undead_e
D:5:      layout_basic, old_standard_altar, minmay_misc_feat_nine_boxes,
          minmay_manual_mess
D:6:      layout_basic, amcnicky_altar_gilded, cheibrodos_sewer_entry_drain,
          serial_corexii_hall, chequers_hall_statues_corner_a,
          chequers_hall_statues_y, corexii_hall_statues_deadend,
          corexii_hall_statues_i, guppyfry_early_elven_hall, uniq_menkaure
D:7:      layout_cave_pods, nicolae_uskayaw_en_pointe,
          minmay_temple_entry_wispy, serial_shops, shop, minivault_22,
          grunt_ministairs_3, minmay_hollow_rounded_squares,
          uniq_crazy_yiuf_cottage

Skill      XL: |  1  2  3  4  5  6  7  8 |
---------------+-------------------------+-----
Ice Magic      | 5 6 7 |  7.5
Dodging        | 2 3 |  3.0
Stealth        | 3 |  3.0
Spellcasting   | 3 4 |  4.4
Hexes          | 1 2 3 |  3.0
Conjurations   | 1 2 3 |  3.8
Invocations    | 1 2 3 |  3.0
Long Blades    | |  0.1

Action                   |  1- 3 |  4- 6 |  7- 9 || total
-------------------------+-------+-------+-------++-------
Melee: Falchion          |    15 |    90 |    86 ||   191
       Mace              |       |       |    11 ||    11
 Cast: Freeze            |    45 |    32 |    17 ||    94
       Frozen Ramparts   |     1 |     4 |     6 ||    11
       Ensorcelled Hiber |       |    13 |    14 ||    27
       Ozocubu's Armour  |       |       |     4 ||     4
       Hailstorm         |       |       |     2 ||     2
  Use: Potion            |       |     4 |     4 ||     8
       Scroll            |       |       |    12 ||    12
 Stab: Sleeping          |       |    11 |     1 ||    12
       Distracted        |       |       |     1 ||     1
Armor: Robe              |    13 |    44 |    69 ||   126
Dodge: Dodged            |    35 |    88 |   106 ||   229
       Rpst.: Falchion   |    12 |    27 |    28 ||    67

Table legend: (Time is in decaauts)
 A = Elapsed time spent in this place.
 B = Non-inter-level travel time spent in this place.
 C = Inter-level travel time spent in this place.
 D = Time resting spent in this place.
 E = Time spent auto-exploring this place.
 F = Levels seen in this place.
 G = Mean time per level.
                   A        B        C        D        E       F      G
               +--------+--------+--------+--------+--------+-----+--------+
         Total |  10007 |   9822 |    185 |   5959 |   1308 |   8 | 1250.9 |
       Dungeon |   9731 |   9546 |    185 |   5771 |   1308 |   7 | 1390.1 |
         Sewer |    276 |    276 |      0 |    188 |      0 |   1 |  276.0 |
               +--------+--------+--------+--------+--------+-----+--------+

Top non-repeatable levels by time:
     D:4: 3277 daAuts
     D:1: 1595 daAuts
     D:2: 1424 daAuts
     D:3: 1237 daAuts
     D:5: 1095 daAuts
     D:6: 1054 daAuts
   Sewer: 276 daAuts
     D:7: 46 daAuts
